 Dungeon Crawl Stone Soup version 0.22.0-40-g68aacdc4c8 (webtiles) character file.

9422 luvemil the Cleaver (level 11, -1/82 HPs)
             Began as a Minotaur Berserker on Aug 31, 2018.
             Was a High Priest of Trog.
             Slain by a spiny frog (16 damage)
             ... on level 1 of the Lair of Beasts on Sept 1, 2018.
             The game lasted 01:19:34 (10295 turns).

luvemil the Cleaver (Minotaur Berserker)           Turns: 10295, Time: 01:19:35

Health: -1/82      AC: 17    Str: 22    XL:     11   Next: 22%
Magic:  10/10      EV:  8    Int:  7    God:    Trog [*****.]
Gold:   667        SH:  0    Dex: 10    Spells: 10/10 levels left

rFire    . . .     SeeInvis .   t - +2 hand axe (chop)
rCold    + . .     Gourm    .   (no shield)
rNeg     . . .     Faith    .   I - +2 plate armour {rC+}
rPois    .         Spirit   .   (helmet restricted)
rElec    .         Reflect  .   (no cloak)
rCorr    .         Harm     .   (no gloves)
MR       ++...                  (no boots)
Stlth    ..........             (no amulet)
HPRegen  1.23/turn              (no ring)
MPRegen  0.12/turn              u - ring of stealth

@: lethally poisoned (-1 -> -2), berserk cooldown, regenerating, slowed, very
slow
A: retaliatory headbutt, horns 2
a: Berserk, Trog's Hand, Brothers in Arms, Renounce Religion


You were on level 1 of the Lair of Beasts.
You worshipped Trog.
Trog was extremely pleased with you.
You were not hungry.

You visited 3 branches of the dungeon, and saw 13 of its levels.
You visited the Abyss 1 time.

You collected 667 gold pieces.

Inventory:

Hand Weapons
 t - a +2 hand axe of chopping (weapon)
 B - a +0 hunting sling
 G - a +0 dagger of venom
 J - a +1 hand axe of chopping
 S - a +4 whip of flaming
Missiles
 r - 11 tomahawks (quivered)
 A - 5 javelins
 D - 46 sling bullets
 F - 3 poisoned tomahawks
 W - 2 silver javelins
Armour
 k - a +0 plate armour
 n - the cursed +0 leather armour "Citunim" {-Cast rF++ rN+++ Str-5}
   (You found it on level 4 of the Dungeon)

   It affects your strength (-5).
   It greatly protects you from fire.
   It renders you almost immune to negative energy.
   It prevents spellcasting.
   It has a curse placed upon it.
 s - a +1 chain mail
 x - a +0 pair of gloves
 E - a +2 ring mail of fire resistance
 I - a +2 plate armour of cold resistance (worn)
 K - a +2 hat
Jewellery
 g - a +4 ring of intelligence {unknown}
 m - an uncursed ring of protection from cold {unknown}
 p - a +3 ring of protection {unknown}
 u - a ring of stealth (right hand)
 y - an uncursed ring of see invisible {unknown}
 P - an uncursed amulet of magic regeneration {unknown}
 X - a cursed ring of ice {unknown}
 Y - an uncursed ring of ice {unknown}
Wands
 z - a wand of random effects (23)
 L - a wand of acid (11)
 M - a wand of digging (9)
 N - a wand of flame (27)
 R - a wand of iceblast (11)
 V - a wand of polymorph (9)
Scrolls
 a - a scroll of fear {unknown}
 e - 5 scrolls of identify
 f - a scroll of fog
 h - a scroll of teleportation
 q - 4 scrolls of enchant weapon {unknown}
 T - 2 scrolls of remove curse
Potions
 b - a potion of haste {unknown}
 d - 4 potions of mutation
 i - 3 potions of agility
 j - a potion of brilliance
 o - a potion of might
 v - 2 potions of curing {unknown}
 w - a potion of lignification {unknown}
 C - a potion of berserk rage {unknown}
 O - 4 potions of magic
 Q - a potion of flight {unknown}
 U - a potion of invisibility {unknown}
Comestibles
 c - 13 rations
 H - 11 chunks of flesh


   Skills:
 - Level 3.6 Fighting
 - Level 14.0 Axes
 + Level 7.7 Throwing
 - Level 12.3 Armour
 - Level 2.1 Dodging


You had 10 spell levels left.
You didn't know any spells.
Your spell library was empty.

Dungeon Overview and Level Annotations

Branches:
Dungeon (11/15)            Temple (1/1) D:5            Lair (1/6) D:11
    Orc: D:9-12

Altars:
Ashenzari
Cheibriados
Dithmenos
Elyvilon
Fedhas
Gozag
Hepliaklqana
Kikubaaqudgha
Makhleb
Nemelex Xobeh
Okawaru
Qazlal
Ru
Sif Muna
Trog
Uskayaw
Vehumet
Wu Jian
Xom
Yredelemnul
Zin
The Shining One
Jiyva

Shops:
D:5 *

Annotations:
D:10 1 runed door, Sonja; ysobel's ghost, journeyman MfGl


Innate Abilities, Weirdness & Mutations

You reflexively headbutt those who attack you in melee.
You have a pair of horns on your head.


Message History

The spiny frog stings you!
* * * LOW HITPOINT WARNING * * *
You hit the spiny frog but do no damage.
You headbutt the spiny frog!
The spiny frog is heavily wounded.
You feel sick. The spiny frog barely misses you.
Evoke which item? (* to show all) (? for menu, Esc to quit)
Aiming: Polymorph
Press: ? - help, Shift-Dir - straight line, f - spiny frog
Aim: a spiny frog (heavily wounded, chance to defeat MR: 46%)
The spiny frog resists with some effort.
You feel sick. The spiny frog stings you.
* * * LOW HITPOINT WARNING * * *
Evoke which item? (* to show all) (? for menu, Esc to quit)
Aiming: Polymorph
Press: ? - help, Shift-Dir - straight line, f/p - spiny frog
Aim: a spiny frog (heavily wounded, chance to defeat MR: 46%)
The spiny frog resists with some effort.
You feel sick. The spiny frog barely misses you. The spiny frog stings you!
You die...

#.##P####
#......P
#......#
#......#
#......#
#......#
#......#
#..@F..#
#......#
#......#
#.......#
#.......#
#......##
#......#
P.......


You could see a spiny frog.

Vanquished Creatures
  Erica (D:8)
  The ghost of sunhra the Fighter, a novice VSFi of Makhleb (D:9)
  An ugly thing (D:11)
  Pikel (D:8)
  Joseph (D:7)
  2 trolls
  A water elemental (D:11)
  A hippogriff (D:7)
  4 yaks (D:10)
  A shadow (D:10)
  3 hungry ghosts
  Menkaure (D:5)
  A water moccasin (D:4)
  3 ice beasts
  2 orc warriors
  A slave (D:8)
  4 sky beasts
  A black bear (D:9)
  4 ogres
  3 centaurs
  2 wolves (D:11)
  2 phantoms
  2 big kobolds
  4 bullfrogs
  A wyvern zombie (D:8)
  A water moccasin zombie (D:5)
  4 scorpions
  5 killer bees
  An electric eel (D:11)
  4 wights (D:11)
  7 howler monkeys
  4 crimson imps
  5 orc priests
  5 orc wizards
  11 hounds
  4 jellies
  3 bullfrog skeletons
  2 centaur skeletons
  4 iguanas
  3 worker ants
  A killer bee zombie (D:7)
  3 hound zombies
  2 hound skeletons
  3 howler monkey skeletons
  4 adders
  3 shadow imps
  An ooze (D:3)
  An adder zombie (D:7)
  3 dart slugs
  8 leopard geckos
  32 orcs
  7 giant cockroaches
  14 goblins
  5 hobgoblins
  7 jackals
  5 quokkas
  3 ball pythons
  8 bats
  4 frilled lizards
  18 kobolds
  A leopard gecko skeleton (D:5)
  6 rats
250 creatures vanquished.

Vanquished Creatures (others)
  An orc wizard (D:8)
  An adder skeleton (D:8)
  2 orcs (D:8)
  A giant cockroach (D:8)
  A quokka (D:6)
  A frilled lizard (D:1)
7 creatures vanquished.

Grand Total: 257 creatures vanquished

Notes
Turn   | Place    | Note
-------+----------+-------------------------------------------
     0 | D:1      | luvemil the Minotaur Berserker began the quest for the Orb.
     0 | D:1      | Reached XP level 1. HP: 19/19 MP: 0/0
   161 | D:1      | Reached skill level 4 in Axes
   191 | D:1      | Reached XP level 2. HP: 25/26 MP: 1/1
   354 | D:1      | Reached ** piety under Trog
   400 | D:1      | Reached skill level 5 in Axes
   475 | D:1      | Reached XP level 3. HP: 31/31 MP: 2/2
   868 | D:2      | Found a faded altar of an unknown god.
  1490 | D:2      | Found a stormy altar of Qazlal.
  1491 | D:2      | Found an ornate altar of the Wu Jian Council.
  1537 | D:2      | Reached skill level 6 in Axes
  1537 | D:2      | Reached XP level 4. HP: 36/39 MP: 3/3
  2051 | D:3      | Found a burning altar of Makhleb.
  2262 | D:3      | Found a sparkling altar of Nemelex Xobeh.
  2359 | D:3      | Found a sacrificial altar of Ru.
  2391 | D:3      | Reached XP level 5. HP: 45/45 MP: 4/4
  2393 | D:3      | Reached skill level 7 in Axes
  2400 | D:3      | Reached *** piety under Trog
  2518 | D:4      | Found a deep blue altar of Sif Muna.
  2570 | D:4      | Got a faintly humming leather armour
  2643 | D:4      | Noticed a water moccasin
  2657 | D:4      | Killed a water moccasin
  2657 | D:4      | Reached skill level 8 in Axes
  2657 | D:4      | Reached XP level 6. HP: 51/51 MP: 5/5
  2858 | D:4      | Found a radiant altar of Vehumet.
  3073 | D:4      | Found a hide-covered altar of Uskayaw.
  3249 | D:4      | Reached skill level 9 in Axes
  3369 | D:5      | Entered Level 5 of the Dungeon
  3380 | D:5      | Found a staircase to the Ecumenical Temple.
  3448 | D:5      | Reached XP level 7. HP: 49/57 MP: 6/6
  3572 | D:5      | Reached skill level 10 in Axes
  3623 | D:5      | Found Kamymeam's General Store.
  3646 | D:5      | Noticed Menkaure
  4023 | D:6      | Reached skill level 11 in Axes
  4033 | D:6      | Reached XP level 8. HP: 64/64 MP: 7/7
  4160 | D:6      | Found a bloodstained altar of Trog.
  4352 | D:6      | Found a white marble altar of Elyvilon.
  4583 | D:6      | Found a blossoming altar of Fedhas.
  4813 | D:6      | Identified the cursed +0 leather armour "Citunim" {-Cast rF++ rN+++ Str-5} (You found it on level 4 of the Dungeon)
  4896 | D:7      | Reached skill level 12 in Axes
  4984 | D:7      | Found an ancient bone altar of Kikubaaqudgha.
  4998 | D:7      | Noticed Joseph
  4998 | D:7      | Noticed a hippogriff
  5018 | D:7      | Killed a hippogriff
  5022 | D:7      | Killed Joseph
  5022 | D:7      | Reached skill level 13 in Axes
  5109 | D:7      | Reached XP level 9. HP: 65/70 MP: 8/8
  5220 | D:7      | Found a basalt altar of Yredelemnul.
  5272 | D:7      | Reached **** piety under Trog
  5326 | D:7      | Found a glowing golden altar of the Shining One.
  5372 | D:7      | Reached skill level 14 in Axes
  5919 | D:5      | Reached skill level 5 in Armour
  6277 | D:5      | Killed Menkaure
  6328 | Temple   | Entered the Ecumenical Temple
  6949 | D:8      | Noticed Pikel
  6960 | D:8      | Killed Pikel
  7177 | D:8      | Noticed Erica
  7188 | D:8      | Killed Erica
  7188 | D:8      | Reached skill level 10 in Armour
  7188 | D:8      | Reached XP level 10. HP: 77/77 MP: 9/9
  7918 | D:9      | Found a runed door.
  8210 | D:9      | Noticed sunhra's ghost (novice VSFi)
  8425 | D:9      | Reached ***** piety under Trog
  8683 | D:9      | Killed sunhra's ghost
  8707 | D:10     | Entered Level 10 of the Dungeon
  8707 | D:10     | Found a runed door.
  8707 | D:10     | Noticed a necromancer
  8707 | D:10     | Noticed ysobel's ghost (journeyman MfGl)
  8737 | D:9      | Reached skill level 1 in Throwing
  9009 | D:10     | Received a gift from Trog
  9072 | D:10     | Reached skill level 5 in Throwing
  9371 | D:10     | Noticed Sonja
  9394 | D:10     | HP: 2/77 [poisoned by Sonja (curare-tipped needle)]
  9609 | D:10     | Cast into level 2 of the Abyss (Sonja)
  9613 | Abyss:2  | Found a corrupted altar of Lugonu.
  9673 | Abyss:2  | Noticed a worldbinder
  9679 | Abyss:2  | Noticed a spiny frog
  9680 | D:10     | Escaped the Abyss
  9991 | D:11     | Reached XP level 11. HP: 82/82 MP: 10/10
 10144 | D:11     | Noticed a purple ugly thing
 10147 | D:11     | Killed a purple ugly thing
 10150 | D:11     | Noticed a centaur warrior
 10223 | D:11     | Found a staircase to the Lair.
 10284 | Lair:1   | Entered Level 1 of the Lair of Beasts
 10295 | Lair:1   | Slain by a spiny frog

Skill      XL: |  1  2  3  4  5  6  7  8  9 10 11 |
---------------+----------------------------------+-----
Axes           | 4 5 6 8 9 11 13 14 | 14.0
Armour         | 10 12 | 12.3
Throwing       | 6 7 |  7.7
Fighting       | |  3.6
Dodging        | |  2.1

Action                   |  1- 3 |  4- 6 |  7- 9 | 10-12 || total
-------------------------+-------+-------+-------+-------++-------
Melee: Hand axe          |    83 |   106 |   262 |   250 ||   701
       Headbutt          |     8 |    21 |    53 |    45 ||   127
Throw: Tomahawk          |       |     6 |     2 |    53 ||    61
       Javelin           |       |       |       |     7 ||     7
Invok: Berserk           |     3 |     6 |    15 |    15 ||    39
       Trog's Hand       |       |     1 |     2 |     6 ||     9
Evoke: Wand              |       |       |       |     4 ||     4
  Use: Scroll            |       |    10 |     2 |     7 ||    19
       Potion            |       |       |       |     5 ||     5
 Stab: Sleeping          |     1 |       |       |       ||     1
  Eat: Chunk             |     5 |     9 |    23 |    23 ||    60
       Ration            |       |     1 |     1 |     2 ||     4
Armor: Animal skin       |    19 |       |       |       ||    19
       Ring mail         |       |     7 |       |       ||     7
       Chain mail        |       |     2 |       |       ||     2
       Plate armour      |       |    21 |    93 |   108 ||   222
Dodge: Dodged            |    54 |    39 |    56 |    58 ||   207
